 Dungeon Crawl Stone Soup version 0.17-b1-33-gd9cf236 (webtiles) character file.

2844 Kloppie the Carver (level 9, -3/85 HPs)
             Began as a Minotaur Berserker on Nov 6, 2015.
             Was a High Priest of Trog.
             Slain by an ice beast (14 damage)
             ... on level 6 of the Dungeon.
             The game lasted 00:13:26 (6379 turns).

Kloppie the Carver (Minotaur Berserker)             Turns: 6379, Time: 00:13:26

Health: -3/85      AC:  9    Str: 25    XL:     9   Next: 46%
Magic:  8/8        EV: 11    Int:  4    God:    Trog [*****.]
Gold:   196        SH:  0    Dex: 10    Spells: 0 memorised, 8 levels left

rFire  . . .     SeeInvis .     a - +1 falchion
rCold  . . .     Clarity  +     t - +0 scale mail
rNeg   . . .     SustAt   +     (no shield)
rPois  .         Gourm    .     (helmet restricted)
rElec  .         Spirit   .     o - +0 cloak
rCorr  .         Warding  .     (no gloves)
rMut   .         Stasis   .     (no boots)
MR     ++...                    s - amulet of clarity
Stlth  ..........               B - ring of sustain attributes
                                (no ring)

@: exhausted, regenerating, slowed, very slow, very resistant to hostile
enchantments, extremely unstealthy
A: retaliatory headbutt, horns 2
a: Berserk, Trog's Hand, Brothers in Arms, Burn Spellbooks, Renounce Religion


You were on level 6 of the Dungeon.
You worshipped Trog.
Trog was extremely pleased with you.
You were hungry.

You visited 1 branch of the dungeon, and saw 7 of its levels.
You also visited: Ossuary.

You collected 493 gold pieces.
You spent 297 gold pieces at shops.

Inventory:

Hand Weapons
 a - a +1 falchion (weapon)
Missiles
 b - 4 silver javelins
 u - 6 tomahawks (quivered)
Armour
 o - a +0 cloak (worn)
 t - a +0 scale mail (worn)
Jewellery
 s - an amulet of clarity (around neck)
 B - a ring of sustain attributes (right hand)
 H - an uncursed amulet of the gourmand
Wands
 q - a wand of magic darts (16)
Scrolls
 f - 2 scrolls of magic mapping
 m - 3 scrolls of remove curse
 p - 2 scrolls of identify
 w - a scroll of fear
 x - 2 scrolls of teleportation
Potions
 e - 4 potions of heal wounds
 h - 2 potions of brilliance
 i - 3 potions of lignification
 j - 2 potions of curing
 k - 2 potions of invisibility
 l - 3 potions of flight
 r - 2 potions of resistance
 z - 2 potions of ambrosia
 D - 2 potions of might
 E - a potion of agility
 G - 2 potions of haste
Comestibles
 c - 3 bread rations
 d - a slice of pizza
 g - 3 beef jerkies
 n - 5 meat rations


   Skills:
 + Level 9.7 Fighting
 + Level 9.9 Long Blades
 + Level 9.2 Armour
 - Level 2.1 Dodging


You had 8 spell levels left.
You didn't know any spells.

Dungeon Overview and Level Annotations

Branches:
Dungeon (7/15)             Temple (0/1) D:5

Altars:
Ashenzari
Cheibriados
Dithmenos
Elyvilon
Fedhas
Ru
Sif Muna
The Shining One

Shops:
D:4 !

Annotations:
D:2 exclusion: oklob plant


Innate Abilities, Weirdness & Mutations

You reflexively headbutt those who attack you in melee.
You have a pair of horns on your head.


Message History

The ice beast hits you but does no damage.
The gnoll hits you from afar with a halberd!
* * * LOW HITPOINT WARNING * * *
The gnoll hits you from afar with a spear.
* * * LOW HITPOINT WARNING * * *
The ice beast hits you but does no damage.
A mysterious force pulls you upwards. The hatch slams shut behind you.
Your skin crawls.
You feel resistant to hostile enchantments.
You feel slightly more hungry.
The ice beast hits you but does no damage.
You hit the ice beast.
The ice beast is lightly wounded.
The ice beast hits you but does no damage.
You slash the ice beast! Your headbutt misses the ice beast.
The ice beast is moderately wounded.
The ice beast hits you.
* * * LOW HITPOINT WARNING * * *
The ice beast freezes you!
You die...

#.....# #.....#
####.....###
...#.......########
##.#.....#........#
#.#..###.....###.#
#.#..# #.....# #.#
#.#..###.....###.#
##.##...........@.#
...##............Y#
#####......_......#
##............#
#............#
####.....###.#
#.....# #.#
#.....###.#
###.......#


You could see an ice beast.

Vanquished Creatures
  Pikel (D:5)
  The ghost of Gargoyl the Skirmisher, a novice DsAK of Lugonu (D:7)
  Grinder (D:3)
  An orc warrior (D:6)
  A phantom (D:6)
  3 sky beasts
  2 big kobolds (D:3)
  A giant frog (D:7)
  A scorpion (D:5)
  An electric eel (D:6)
  2 crimson imps (D:5)
  A hound (D:6)
  A gnoll shaman (D:7)
  2 jellies (D:6)
  Crazy Yiuf (D:2)
  An orc wizard (D:3)
  Ijyb (D:2)
  2 centaur skeletons (D:6)
  A human zombie (Ossuary)
  A quasit (D:6)
  3 worker ants
  Jessica (D:2)
  A big kobold zombie (Ossuary)
  A hound zombie (D:7)
  2 mummies (Ossuary)
  21 gnolls
  8 adders
  2 oozes
  4 adder zombies
  An adder skeleton (D:6)
  5 worms
  16 orcs
  7 bats
  5 goblins
  7 hobgoblins
  23 jackals
  5 quokkas
  7 giant cockroaches
  6 giant geckos
  5 giant newts
  2 goblin zombies
  10 hobgoblin zombies (Ossuary)
  2 jackal zombies (Ossuary)
  51 kobolds
  10 kobold zombies (Ossuary)
  7 orc zombies (Ossuary)
  A quokka zombie (D:5)
  8 rats
  3 rat zombies (Ossuary)
250 creatures vanquished.

Vanquished Creatures (others)
  An ogre (D:5)
  A fungus (D:2)
2 creatures vanquished.

Grand Total: 252 creatures vanquished

Notes
Turn   | Place    | Note
--------------------------------------------------------------
     0 | D:1      | Kloppie the Minotaur Berserker began the quest for the Orb.
     0 | D:1      | Reached XP level 1. HP: 19/19 MP: 0/0
   302 | D:1      | Reached skill level 4 in Long Blades
   302 | D:1      | Reached XP level 2. HP: 14/27 MP: 1/1
   731 | D:1      | Reached ** piety under Trog
   965 | D:1      | Reached XP level 3. HP: 29/33 MP: 2/2
  1450 | D:2      | Found a sacrificial altar of Ru.
  1614 | D:2      | Noticed Jessica
  1620 | D:2      | Killed Jessica
  1620 | D:2      | Reached XP level 4. HP: 34/41 MP: 3/3
  1780 | D:2      | Noticed Crazy Yiuf
  1784 | D:2      | Killed Crazy Yiuf
  1784 | D:2      | Reached skill level 5 in Long Blades
  1847 | D:2      | Found a blossoming altar of Fedhas.
  1888 | D:2      | Noticed an oklob plant
  1916 | D:2      | Noticed Ijyb
  1929 | D:2      | Reached skill level 5 in Fighting
  1936 | D:2      | Killed Ijyb
  1936 | D:2      | Reached XP level 5. HP: 29/48 MP: 4/4
  2087 | D:2      | Found a deep blue altar of Sif Muna.
  2255 | D:2      | Reached *** piety under Trog
  2610 | D:3      | Reached XP level 6. HP: 56/56 MP: 5/5
  2825 | D:3      | Reached **** piety under Trog
  2856 | D:3      | Reached skill level 5 in Armour
  2862 | D:3      | Reached skill level 6 in Fighting
  3001 | D:3      | Noticed Grinder
  3006 | D:3      | Reached XP level 7. HP: 47/64 MP: 6/6
  3018 | D:3      | Killed Grinder
  3595 | D:3      | Found a shadowy altar of Dithmenos.
  3797 | D:4      | Reached ***** piety under Trog
  3971 | D:4      | Found a glowing golden altar of the Shining One.
  4000 | D:4      | Reached skill level 7 in Fighting
  4129 | D:4      | Found a white marble altar of Elyvilon.
  4152 | D:4      | Found Ybrityot's Distillery.
  4161 | D:4      | Bought a potion of heal wounds for 55 gold pieces
  4161 | D:4      | Bought a potion of agility for 44 gold pieces
  4161 | D:4      | Bought a potion of degeneration for 11 gold pieces
  4161 | D:4      | Bought a potion of lignification for 33 gold pieces
  4161 | D:4      | Bought a potion of might for 44 gold pieces
  4161 | D:4      | Bought a potion of haste for 110 gold pieces
  4330 | D:5      | Entered Level 5 of the Dungeon
  4350 | D:5      | Reached XP level 8. HP: 73/73 MP: 7/7
  4472 | D:5      | Found a sand-covered staircase.
  4479 | Ossuary  | Entered an ossuary
  4776 | D:5      | Noticed Pikel
  4800 | D:5      | Killed Pikel
  4800 | D:5      | Reached skill level 8 in Fighting
  5049 | D:5      | Found a staircase to the Ecumenical Temple.
  5142 | D:5      | Found a shattered altar of Ashenzari.
  5345 | D:6      | Reached skill level 9 in Long Blades
  5433 | D:6      | Reached XP level 9. HP: 58/82 MP: 8/8
  5480 | D:6      | Found a snail-covered altar of Cheibriados.
  5657 | D:6      | Received a gift from Trog
  6327 | D:7      | Noticed Gargoyl's ghost (novice DsAK)
  6360 | D:7      | Killed Gargoyl's ghost
  6379 | D:6      | Slain by an ice beast

Action                   |  1- 3 |  4- 6 |  7- 9 || total
-------------------------+-------+-------+-------++-------
Melee: Falchion          |    82 |   186 |   427 ||   695
Invok: Trog's Hand       |     1 |       |     3 ||     4
       Berserk           |       |     4 |     2 ||     6
  Use: Scroll            |       |       |    15 ||    15
 Stab: Sleeping          |     1 |       |       ||     1
  Eat: Chunk             |     2 |     9 |     8 ||    19
       Meat ration       |       |       |     1 ||     1
